ESL (28 & UNDER)
BUTLER WHITE SOX @ BUFFALO LIGHTSABRES
04/28/2029
 
TOP OF THE 1ST
Butler White Sox batting - Pitching for Buffalo LightSabres : RHP Dylan Versluis
Pitching: RHP Dylan Versluis
Batting: RHB Luis Fuentes 0-0: Called Strike
0-1: Ball
1-1: Ball
2-1: Foul Ball, location: 2F
2-2: Ground out U3 (Groundball, 3)
Batting: RHB Luis Alvarado 0-0: Ball
1-0: Ball
2-0: Called Strike
2-1: Called Strike
2-2: Foul Ball, location: 2F
Error on foul ball, E2
2-2: Ground out 5-3 (Groundball, 56)
Batting: SHB Ben Marks 0-0: Ball
1-0: Ball
2-0: Ball
3-0: Called Strike
3-1: Base on Balls
Batting: RHB Bobby Murdock 0-0: DOUBLE (Line Drive, 8RXD)
Ben Marks to third
Runner from 3rd tries for Home, SAFE, throw made at trailing runner, OUT at third!
Top of the 1st over - 1 run, 1 hit, 1 error, 0 left on base; Butler 1 - Buffalo 0
BOTTOM OF THE 1ST
Buffalo LightSabres batting - Pitching for Butler White Sox : RHP Scott King
Pitching: RHP Scott King
Batting: RHB Lou Hammond 0-0: Ball
1-0: Swinging Strike
1-1: Swinging Strike
1-2: Ball
2-2: Foul Ball, location: 2F
2-2: Strikes out swinging
Batting: RHB Raúl Flores 0-0: Ball
1-0: SINGLE (Flyball, 9LS)
Batting: RHB Sean White 0-0: Ball
1-0: Foul Ball, location: 2F
1-1: Called Strike
1-2: Fly out, F8 (Flyball, 8LM)
Batting: LHB Garrett King 0-0: Called Strike
0-1: Called Strike
0-2: 2-RUN HOME RUN (Flyball, 9LD), Distance : 351 ft
Batting: LHB Rob Davidson 0-0: Foul Ball, location: 2F
0-1: Ball
1-1: Swinging Strike
1-2: Foul Ball, location: 2F
1-2: Ball
2-2: Ball
3-2: Strikes out swinging
Bottom of the 1st over - 2 runs, 2 hits, 0 errors, 0 left on base; Butler 1 - Buffalo 2
TOP OF THE 2ND
Butler White Sox batting - Pitching for Buffalo LightSabres : RHP Dylan Versluis
Batting: LHB Josh Pérez 0-0: Foul Ball, location: 2F
0-1: SINGLE (Line Drive, 4M)
Batting: RHB Júlio Hernández 0-0: Ball
Josh Pérez is caught stealing 2nd base
1-0: Ground out 1-3 (Groundball, 13)
Batting: RHB Raúl Ruíz 0-0: Ball
1-0: Called Strike
1-1: Foul Ball, location: 2F
1-2: Ball
2-2: Foul Ball, location: 2F
2-2: Strikes out swinging
Top of the 2nd over - 0 runs, 1 hit, 0 errors, 0 left on base; Butler 1 - Buffalo 2
BOTTOM OF THE 2ND
Buffalo LightSabres batting - Pitching for Butler White Sox : RHP Scott King
Batting: LHB Emílio Montoya 0-0: Called Strike
0-1: Swinging Strike
0-2: Foul Ball, location: 2F
0-2: Ground out 1-3 (Groundball, 13)
Batting: RHB Huub Stolk 0-0: Ball
1-0: Ball
2-0: Ball
3-0: Base on Balls
Batting: RHB Pedro Romero 0-0: SINGLE (Line Drive, 56D)
Huub Stolk to second
Batting: RHB José Rosales 0-0: Ball
1-0: Foul Ball, location: 2F
1-1: Ball
2-1: Ball
3-1: Fly out, F8 (Line Drive, 8LXD)
Runner from 2nd tags up, SAFE at 3rd, no throw
Batting: RHB Lou Hammond 0-0: Called Strike
0-1: Ball
1-1: Foul Ball, location: 2F
1-2: Strikes out swinging
Bottom of the 2nd over - 0 runs, 1 hit, 0 errors, 2 left on base; Butler 1 - Buffalo 2
TOP OF THE 3RD
Butler White Sox batting - Pitching for Buffalo LightSabres : RHP Dylan Versluis
Batting: RHB Ángel Serrano 0-0: Swinging Strike
0-1: Foul Ball, location: 2F
0-2: Ball
1-2: Foul Ball, location: 2F
1-2: Strikes out swinging
Batting: RHB José Darias 0-0: Ball
1-0: Called Strike
1-1: Called Strike
1-2: Foul Ball, location: 2F
1-2: Strikes out looking
Batting: RHB Luis Fuentes 0-0: Ball
1-0: Foul Ball, location: 2F
1-1: Ball
2-1: Ball
3-1: Foul Ball, location: 2F
3-2: Hit by Pitch
Batting: RHB Luis Alvarado 0-0: Ball
1-0: Called Strike
1-1: Foul Ball, location: 2F
1-2: Foul Ball, location: 2F
1-2: Ball
2-2: Foul Ball, location: 2F
2-2: Ground out U3 (Groundball, 3L)
Top of the 3rd over - 0 runs, 0 hits, 0 errors, 1 left on base; Butler 1 - Buffalo 2
BOTTOM OF THE 3RD
Buffalo LightSabres batting - Pitching for Butler White Sox : RHP Scott King
Batting: RHB Raúl Flores 0-0: Ball
1-0: Called Strike
1-1: Foul Ball, location: 2F
1-2: Hit by Pitch
Batting: RHB Sean White 0-0: Called Strike
0-1: SINGLE (Groundball, 6MD)
Raúl Flores to second
Runner from 2nd tries for 3rd, SAFE, throw made to third
Batting: LHB Garrett King 0-0: Ball
1-0: Called Strike
1-1: Hit by Pitch
Sean White to second
Batting: LHB Rob Davidson 0-0: Ball
1-0: Foul Ball, location: 2F
1-1: Foul Ball, location: 2F
1-2: Reached on error, E4 (Groundball, 4)
Raúl Flores scores
Sean White to third
Garrett King to second
Batting: LHB Emílio Montoya 0-0: Ball
1-0: Called Strike
1-1: Called Strike
1-2: Ball
2-2: Strikes out swinging
Batting: RHB Huub Stolk 0-0: Ball
1-0: Fly out, F8 (Flyball, 78S)
Runner from 3rd tags up, SCORES, no throw
Batting: RHB Pedro Romero 0-0: Ball
1-0: Ball
2-0: Called Strike
2-1: Fielders Choice at 2nd, 5-4 (Groundball, 5L)
Bottom of the 3rd over - 2 runs, 1 hit, 1 error, 2 left on base; Butler 1 - Buffalo 4
TOP OF THE 4TH
Butler White Sox batting - Pitching for Buffalo LightSabres : RHP Dylan Versluis
Batting: SHB Ben Marks 0-0: Foul Ball, location: 2F
0-1: Foul Ball, location: 2F
0-2: Foul Ball, location: 2F
0-2: Ball
1-2: Fly out, F7 (Flyball, 7LS)
Batting: RHB Bobby Murdock 0-0: Foul Ball, location: 2F
0-1: Swinging Strike
0-2: Foul Ball, location: 2F
0-2: Ball
1-2: Fly out, F9 (Flyball, 9D)
Batting: LHB Josh Pérez 0-0: Ball
1-0: Ball
2-0: Ground out 4-3 (Groundball, 4)
Top of the 4th over - 0 runs, 0 hits, 0 errors, 0 left on base; Butler 1 - Buffalo 4
BOTTOM OF THE 4TH
Buffalo LightSabres batting - Pitching for Butler White Sox : RHP Scott King
Batting: RHB José Rosales 0-0: Ball
1-0: Ball
2-0: Ground out U3 (Groundball, 34)
Batting: RHB Lou Hammond 0-0: Ball
1-0: Ball
2-0: Foul Ball, location: 2F
2-1: Ground out 4-3 (Groundball, 4)
Batting: RHB Raúl Flores 0-0: Ball
1-0: SINGLE (Line Drive, 4D)
Batting: RHB Sean White 0-0: Called Strike
0-1: Ball
1-1: Called Strike
1-2: Ball
2-2: Ball
3-2: Strikes out swinging
Bottom of the 4th over - 0 runs, 1 hit, 0 errors, 1 left on base; Butler 1 - Buffalo 4
TOP OF THE 5TH
Butler White Sox batting - Pitching for Buffalo LightSabres : RHP Dylan Versluis
Batting: RHB Júlio Hernández 0-0: Foul Ball, location: 2F
0-1: Foul Ball, location: 2F
0-2: Ball
1-2: Ball
2-2: Foul Ball, location: 2F
2-2: Foul Ball, location: 2F
2-2: Strikes out swinging
Batting: RHB Raúl Ruíz 0-0: Ball
1-0: Ball
2-0: SINGLE (Groundball, 4MD)
Batting: RHB Ángel Serrano 0-0: Ball
1-0: Grounds into double play, 6-4-3 (Groundball, 6)
Top of the 5th over - 0 runs, 1 hit, 0 errors, 0 left on base; Butler 1 - Buffalo 4
BOTTOM OF THE 5TH
Buffalo LightSabres batting - Pitching for Butler White Sox : RHP Scott King
Batting: LHB Garrett King 0-0: Ball
1-0: Ball
2-0: Ball
3-0: Called Strike
3-1: Base on Balls
Pitching: RHP Dan Bailey
Batting: LHB Rob Davidson 0-0: Ball
1-0: Ball
2-0: Foul Ball, location: 2F
2-1: Swinging Strike
2-2: Ball
3-2: Fly out, F8 (Flyball, 8RXD)
Batting: LHB Emílio Montoya 0-0: Grounds into double play, 3-6-1 (Groundball, 3)
Bottom of the 5th over - 0 runs, 0 hits, 0 errors, 0 left on base; Butler 1 - Buffalo 4
TOP OF THE 6TH
Butler White Sox batting - Pitching for Buffalo LightSabres : RHP Dylan Versluis
Batting: RHB José Darias 0-0: Ball
1-0: Foul Ball, location: 2F
1-1: Foul Ball, location: 2F
1-2: Ball
2-2: Strikes out swinging
Batting: RHB Luis Fuentes 0-0: Ball
1-0: Foul Ball, location: 2F
1-1: Foul Ball, location: 2F
1-2: Ball
2-2: Ground out 1-3 (Groundball, 15)
Batting: RHB Luis Alvarado 0-0: Fly out, F8 (Flyball, 8LM)
Top of the 6th over - 0 runs, 0 hits, 0 errors, 0 left on base; Butler 1 - Buffalo 4
BOTTOM OF THE 6TH
Buffalo LightSabres batting - Pitching for Butler White Sox : RHP Dan Bailey
Batting: RHB Huub Stolk 0-0: Called Strike
0-1: Swinging Strike
0-2: Ground out 5-3 (Groundball, 56)
Batting: RHB Pedro Romero 0-0: Called Strike
0-1: Ball
1-1: Ground out 6-3 (Groundball, 56D)
Batting: RHB José Rosales 0-0: Ball
1-0: Foul Ball, location: 2F
1-1: Foul Ball, location: 2F
1-2: Strikes out looking
Bottom of the 6th over - 0 runs, 0 hits, 0 errors, 0 left on base; Butler 1 - Buffalo 4
TOP OF THE 7TH
Butler White Sox batting - Pitching for Buffalo LightSabres : RHP Dylan Versluis
Batting: SHB Ben Marks 0-0: Called Strike
0-1: Ball
1-1: Called Strike
1-2: Ball
2-2: Strikes out swinging
Batting: RHB Bobby Murdock 0-0: Ball
1-0: Swinging Strike
1-1: Foul Ball, location: 2F
1-2: Ball
2-2: Strikes out swinging
Batting: LHB Josh Pérez 0-0: Ball
1-0: Ball
2-0: Called Strike
2-1: Fly out, F3 (Line Drive, 34)
Top of the 7th over - 0 runs, 0 hits, 0 errors, 0 left on base; Butler 1 - Buffalo 4
BOTTOM OF THE 7TH
Buffalo LightSabres batting - Pitching for Butler White Sox : RHP Dan Bailey
Batting: RHB Lou Hammond 0-0: Swinging Strike
0-1: Swinging Strike
0-2: Foul Ball, location: 2F
0-2: Foul Ball, location: 2F
0-2: Strikes out swinging
Batting: RHB Raúl Flores 0-0: Ball
1-0: Ball
2-0: Called Strike
2-1: Ground out 4-3 (Groundball, 4)
Batting: RHB Sean White 0-0: Called Strike
0-1: Ball
1-1: TRIPLE (Line Drive, 78XD)
Pitching: LHP Francisco Ramírez
Batting: LHB Garrett King 0-0: Ball
1-0: Ball
2-0: Called Strike
2-1: Ball
3-1: TRIPLE (Flyball, 8RXD)
Sean White scores
Batting: LHB Rob Davidson 0-0: Foul Ball, location: 2F
0-1: Called Strike
0-2: Ball
1-2: Foul Ball, location: 2F
1-2: Ball
2-2: Foul Ball, location: 2F
2-2: Foul Ball, location: 2F
2-2: Foul Ball, location: 2F
2-2: Foul Ball, location: 2F
2-2: Fly out, F4 (Line Drive, 4)
Bottom of the 7th over - 1 run, 2 hits, 0 errors, 1 left on base; Butler 1 - Buffalo 5
TOP OF THE 8TH
Butler White Sox batting - Pitching for Buffalo LightSabres : RHP Dylan Versluis
Batting: RHB Júlio Hernández 0-0: Called Strike
0-1: Fly out, F5 (Popup, 15)
Batting: RHB Raúl Ruíz 0-0: Ball
1-0: Called Strike
1-1: Ball
2-1: Ground out 6-3 (Groundball, 6)
Batting: RHB Ángel Serrano 0-0: Reached via error on a dropped throw, E3
Batting: RHB José Darias 0-0: Ball
1-0: Ball
2-0: Fielders Choice at 2nd, 5-4 (Groundball, 56)
Top of the 8th over - 0 runs, 0 hits, 1 error, 1 left on base; Butler 1 - Buffalo 5
BOTTOM OF THE 8TH
Buffalo LightSabres batting - Pitching for Butler White Sox : LHP Francisco Ramírez
Batting: LHB Emílio Montoya 0-0: Fly out, F9 (Flyball, 9)
Pitching: LHP Rafael Romero
Batting: RHB Huub Stolk 0-0: Ball
1-0: Called Strike
1-1: Ball
2-1: Fly out, F4 (Popup, 34)
Batting: RHB Pedro Romero 0-0: Called Strike
0-1: Foul Ball, location: 2F
0-2: Ground out 5-3 (Groundball, 56)
Bottom of the 8th over - 0 runs, 0 hits, 0 errors, 0 left on base; Butler 1 - Buffalo 5
TOP OF THE 9TH
Butler White Sox batting - Pitching for Buffalo LightSabres : RHP Dylan Versluis
Batting: RHB Luis Fuentes 0-0: Foul Ball, location: 2F
0-1: Ground out 6-3 (Groundball, 6)
Batting: RHB Luis Alvarado 0-0: Foul Ball, location: 2F
0-1: Called Strike
0-2: Ball
1-2: Ball
2-2: Ground out 6-3 (Groundball, 6)
Batting: SHB Ben Marks 0-0: Called Strike
0-1: Ball
1-1: Ball
2-1: Fly out, F9 (Line Drive, 9)
Top of the 9th over - 0 runs, 0 hits, 0 errors, 0 left on base; Butler 1 - Buffalo 5
Saturday, December 16th, 2017 - OOTP Baseball 18.8 Build 76